Map: Ascension to Aiur LE

Players

Juxtapose

  • Race: Terran Terran
  • League: Silver
  • Spawn Location: 5:00

darthbrandon - Winner!

  • Race: Terran Terran
  • League: Silver
  • Spawn Location: 11:00

VOD

https://youtu.be/96ecZNqkJm8

Description

This match I really enjoyed as my opponent and I were very closely matched. Being a mirror match, it seems we also had the same general idea, but he simply executed it better.

In hind site, I should have made a few extra Starports like he did, but also a bunch of Vikings to help maintain air superiority. Using Point Defence Drone from the Ravens would have helped as well I suspect.

Overall though, my problem was once again a macro problem, but I think that I am slowly improving.

Time

  • Played on: July 29, 2017, 2:24 p.m.
  • Length: 29:43
Show
View Real Time Build Order
Export as new Build Order

Juxtapose Terran 

Build Orders:  

Get SALT Encoding   

  12  0:01  SCV  
  13  0:13  SCV  
  14  0:19  Supply Depot  
  14  0:25  SCV  
  15  0:40  SCV  
  16  0:43  Barracks  
  16  0:48  Supply Depot  
  16  0:52  SCV  
  17  1:04  SCV, Refinery  
  18  1:19  SCV  
  19  1:34  Orbital Command  
  19  1:35  Marine  
  20  1:42  Refinery  
  20  1:46  Barracks  
  21  2:01  SCV  
  22  2:13  SCV  
  23  2:22  Marine  
  23  2:25  SCV  
  24  2:34  Barracks Tech Lab  
  24  2:42  Factory  
  24  2:45  SCV  
  24  2:49  Engineering Bay  
  25  3:04  Stimpack  
  25  3:05  Command Center  
  25  3:08  Marine  
  25  3:09  Marine  
  27  3:14  SCV  
  28  3:22  Missile Turret  
  28  3:23  Terran Infantry Weapons Level 1  
  28  3:26  SCV, Marine  
  30  3:29  Factory Tech Lab  
  30  3:39  Starport  
  30  3:46  Supply Depot  
  30  3:56  Barracks Reactor  
  30  4:17  Orbital Command  
  30  4:24  Siege Tank  
  32  4:32  Supply Depot  
  32  4:40  Missile Turret  
  32  4:44  Marine x2  
  35  4:46  Marauder  
  35  4:49  Starport Tech Lab  
  36  4:56  Siege Tank  
  36  4:59  Armory  
  39  5:03  SCV x2  
  41  5:17  Terran Infantry Armor Level 1  
  41  5:18  Medivac  
  43  5:27  SCV x2  
  45  5:39  SCV  
  46  5:42  Marine  
  46  5:43  Marine x2  
  46  5:48  Medivac  
  51  5:59  Siege Tank  
  51  6:00  Marine  
  55  6:05  Marine x2  
  55  6:11  SCV x2  
  59  6:18  Marine  
  59  6:22  Marine  
  59  6:23  SCV  
  62  6:32  Supply Depot  
  62  6:53  Marine x2  
  62  6:54  SCV, Medivac, Marauder  
  69  6:55  Supply Depot  
  69  6:58  Refinery  
  69  7:03  Refinery  
  69  7:06  SCV  
  70  7:16  Marauder  
  70  7:18  SCV  
  70  7:22  Supply Depot  
  73  7:27  Marine x2  
  75  7:30  SCV  
  76  7:37  Marine  
  71  8:04  Marine x3  
  71  8:07  Medivac  
  72  8:22  Marine  
  73  8:31  Marine  
  73  8:32  Marine  
  65  8:37  Medivac  
  65  8:38  Siege Tank  
  65  8:40  Marine  
  71  8:41  SCV x2  
  73  8:53  SCV  
  74  8:59  Command Center  
  74  9:02  Corvid Reactor  
  74  9:04  Marine  
  74  9:05  Marine x2  
  74  9:07  Raven  
  79  9:10  Siege Tank  
  82  9:22  Marine x2  
  84  9:27  Fusion Core  
  84  9:37  Starport  
  84  9:49  Raven  
  79  9:56  Missile Turret  
  74  10:32  Raven  
  69  10:40  Starport Tech Lab  
  69  10:43  Planetary Fortress  
  69  10:46  SCV x2  
  71  10:58  SCV  
  71  10:59  SCV  
  71  11:00  Refinery  
  73  11:08  Refinery  
  73  11:11  SCV  
  74  11:18  Battlecruiser x2  
  86  11:19  Weapon Refit  
  86  11:23  SCV  
  87  11:35  SCV  
  88  11:42  Combat Shields  
  88  11:47  SCV  
  89  11:56  Terran Vehicle Weapons Level 1  
  89  11:57  Terran Infantry Weapons Level 2  
  89  12:09  Supply Depot  
  89  12:22  Battlecruiser  
  95  12:24  Siege Tank  
  98  12:31  Supply Depot  
  98  12:56  Siege Tank  
  101  13:21  Battlecruiser  
  101  13:26  Battlecruiser  
  90  13:45  Marine x3  
  83  14:03  Marine x3  
  83  14:21  Marine x3  
  86  14:26  Battlecruiser  
  86  14:31  Battlecruiser  
  98  14:33  Terran Vehicle Weapons Level 2  
  98  14:36  Terran Infantry Armor Level 2  
  98  14:38  Marine  
  98  14:39  Marine x2  
  98  14:43  Command Center  
  101  14:50  Supply Depot  
  101  14:56  Marine x3  
  104  15:16  Supply Depot  
  104  15:24  Marine x2  
  104  15:25  Marine  
  107  15:35  Battlecruiser  
  113  15:38  Supply Depot  
  113  15:42  Marine  
  114  15:51  Marine x2  
  116  15:58  SCV, Missile Turret  
  116  16:00  Marine  
  118  16:09  Marine x2  
  118  16:10  SCV  
  121  16:13  Battlecruiser  
  121  16:18  Marine  
  128  16:22  SCV  
  129  16:26  Supply Depot  
  129  16:27  Marine x2, Refinery  
  131  16:34  Refinery  
  131  16:36  Marine  
  132  16:45  Marine x2  
  134  16:50  Terran Ship Weapons Level 1, Supply Depot  
  134  16:53  Marine  
  135  17:09  Marine x2  
  137  17:30  Marine  
  102  18:22  Barracks  
  102  18:25  Barracks  
  102  18:35  SCV  
  103  18:47  SCV  
  104  18:59  SCV  
  105  19:05  Supply Depot  
  105  19:11  SCV  
  105  19:13  Factory  
  106  19:23  SCV  
  107  19:38  Marine x2  
  107  19:39  Marine  
  110  19:56  Marine x2  
  112  20:00  Marine  
  100  20:14  Marine x2  
  100  20:15  Starport  
  100  20:17  Marine  
  100  20:18  Starport  
  100  20:29  Command Center  
  100  20:32  Marine  
  101  20:41  Marine  
  101  20:42  Marine  
  101  20:49  Marine  
  89  20:59  Marine x2  
  68  21:07  Marine  
  50  21:17  Marine x2  
  29  21:34  Factory  
  25  21:54  Barracks  
  25  22:03  SCV  
  25  22:14  Command Center  
  22  22:15  SCV  
  23  22:28  SCV  
  22  22:40  SCV  
  23  22:48  Factory  
  19  23:23  Command Center  
  19  23:25  Barracks  
  19  23:27  Barracks  
  19  23:34  Command Center  
  15  24:05  SCV  
  14  24:12  Barracks  
  9  24:17  SCV  
  8  24:29  SCV  
  9  24:32  Barracks  
  9  24:41  SCV  
  9  24:52  SCV  
  7  24:53  SCV  
  8  25:00  Factory  
  8  25:04  SCV  
  4  25:16  SCV  
  5  25:28  SCV  
  6  25:40  SCV  
  7  25:51  Starport  
  7  26:05  Starport  
  7  26:07  Starport  
  7  26:08  Command Center  
  6  26:25  Starport  
  1  26:51  Command Center  
  1  28:18  Factory  
  1  28:29  SCV  
  2  28:47  Supply Depot  
Show
View Real Time Build Order
Export as new Build Order

darthbrandon Terran - Winner!

Build Orders:  

Get SALT Encoding   

  12  0:03  SCV  
  13  0:15  SCV  
  14  0:29  SCV  
  14  0:30  Supply Depot  
  15  0:45  Supply Depot  
  15  0:52  SCV  
  15  0:54  Barracks  
  16  1:04  SCV  
  17  1:16  SCV  
  17  1:18  Barracks  
  18  1:28  SCV  
  19  1:40  SCV  
  20  1:47  Bunker  
  20  1:51  Refinery  
  20  1:55  SCV, Refinery  
  20  1:59  Marine  
  22  2:07  SCV  
  23  2:09  Marine  
  24  2:16  Marine  
  25  2:27  Marine  
  25  2:28  SCV  
  27  2:34  Marine  
  28  2:40  SCV  
  29  2:45  Marine  
  29  2:47  Command Center  
  30  2:52  SCV  
  31  3:04  Supply Depot  
  31  3:05  Supply Depot  
  31  3:20  Barracks Tech Lab  
  31  3:21  Barracks Reactor  
  31  3:25  SCV  
  32  3:34  Factory  
  32  3:37  Factory, SCV  
  33  3:50  SCV  
  34  4:01  SCV  
  34  4:02  SCV  
  36  4:13  SCV  
  36  4:14  SCV  
  38  4:25  SCV  
  38  4:26  SCV, Factory Tech Lab  
  38  4:27  Factory Tech Lab  
  38  4:30  Bunker  
  40  4:32  Bunker  
  40  4:36  Marine x2  
  40  4:37  SCV  
  40  4:38  SCV  
  44  4:49  SCV  
  44  4:50  SCV  
  46  4:59  Marine x2  
  48  5:01  SCV  
  48  5:02  SCV  
  48  5:06  Supply Depot  
  50  5:08  Supply Depot  
  50  5:12  Refinery  
  50  5:13  SCV  
  51  5:14  SCV  
  51  5:15  Refinery  
  51  5:16  Siege Tank x2  
  51  5:17  Marine x2  
  60  5:26  Orbital Command  
  60  5:30  SCV  
  61  5:42  SCV  
  62  5:47  Engineering Bay  
  62  5:50  Starport  
  62  6:00  SCV  
  63  6:12  SCV  
  63  6:18  Missile Turret  
  64  6:21  Hi-Sec Auto Tracking  
  64  6:24  Siege Tank x2  
  70  6:31  Starport Tech Lab  
  70  6:32  Starport  
  70  6:40  Missile Turret  
  70  6:57  Planetary Fortress  
  70  7:09  Command Center, Missile Turret  
  70  7:10  Starport  
  70  7:12  Command Center, Starport Tech Lab  
  70  7:29  Missile Turret  
  70  7:48  Starport  
  70  7:49  Missile Turret  
  62  8:09  Starport Tech Lab  
  62  8:10  Banshee x2  
  62  8:12  Cloaking Field  
  68  8:13  Hyperflight Rotors  
  68  8:29  SCV  
  68  8:33  SCV  
  70  8:36  Starport Tech Lab  
  70  8:37  Banshee  
  73  8:41  SCV  
  73  8:45  SCV  
  75  8:53  SCV, Banshee x2  
  82  8:57  SCV  
  83  9:06  SCV  
  83  9:08  Missile Turret  
  83  9:09  SCV  
  85  9:10  Missile Turret  
  85  9:15  Refinery x2  
  85  9:17  Refinery  
  85  9:18  SCV, Refinery  
  85  9:21  SCV  
  87  9:33  Widow Mine  
  87  9:34  Widow Mine  
  88  10:02  Widow Mine x2  
  88  10:04  Bunker  
  92  10:08  Bunker  
  78  10:30  Widow Mine  
  78  10:31  Widow Mine  
  80  10:48  Raven x4  
  88  10:50  Recalibrated Explosives, Corvid Reactor  
  88  10:55  Fusion Core  
  88  10:59  Widow Mine x2  
  92  11:06  Supply Depot  
  92  11:23  Marine x2  
  92  11:24  SCV x2  
  96  11:27  Widow Mine  
  96  11:28  Widow Mine  
  100  11:34  Supply Depot  
  100  11:36  SCV x2  
  102  11:41  Marine x2  
  104  11:48  SCV x2  
  106  11:59  Marine x2  
  106  12:00  SCV x2  
  110  12:03  Supply Depot  
  110  12:08  Battlecruiser  
  110  12:09  Battlecruiser x3, Supply Depot  
  110  12:12  SCV x2  
  134  12:17  Marine x2  
  132  12:24  SCV x2  
  128  12:36  SCV x2  
  130  12:48  SCV x2  
  132  12:59  Supply Depot  
  132  13:00  SCV x2  
  132  13:02  Supply Depot  
  135  13:12  SCV x2  
  135  13:13  Battlecruiser x4  
  150  13:25  SCV  
  145  13:58  Weapon Refit  
  145  14:14  SCV  
  146  14:17  Battlecruiser x3  
  164  14:26  SCV  
  165  15:21  Supply Depot  
  165  15:22  Supply Depot  
  165  15:43  SCV, Battlecruiser  
  165  15:44  Battlecruiser  
  165  15:47  Command Center  
  178  15:54  Supply Depot  
  178  15:55  SCV  
  178  15:56  Supply Depot  
  179  16:07  SCV  
  180  16:16  Battlecruiser  
  180  16:18  Battlecruiser  
  192  16:34  Supply Depot  
  192  16:37  Supply Depot  
  192  17:05  Missile Turret  
  192  17:08  Missile Turret  
  170  17:20  Battlecruiser  
  146  18:32  Refinery  
  146  18:34  Refinery  
  146  18:37  Command Center, Refinery  
  146  18:40  Refinery  
  146  18:47  Battlecruiser x4  
  170  19:32  Missile Turret x2  
  170  19:47  SCV  
  171  19:59  SCV  
  130  22:17  Command Center  
  130  22:20  Command Center  
  130  22:55  Battlecruiser x2  
  130  22:56  Battlecruiser x2  
  154  23:01  SCV  
  154  23:04  SCV  
  156  23:07  SCV  
  157  23:13  SCV  
  157  23:16  SCV  
  157  23:19  SCV  
  160  23:25  SCV  
  161  23:29  SCV  
  161  23:31  SCV  
  161  23:32  Refinery  
  163  23:37  SCV  
  163  23:39  Refinery  
  163  23:41  SCV  
  165  23:44  SCV  
  166  23:50  SCV  
  166  23:53  SCV  
  168  23:56  SCV  
  169  25:13  Widow Mine x2  
  173  25:17  Battlecruiser x3  
  173  25:18  Battlecruiser  
  197  25:41  Widow Mine  
  199  28:07  Command Center, Refinery  
  199  28:10  Refinery  
  199  28:27  Refinery  
  199  28:28  Planetary Fortress  
  199  28:29  Refinery  
  199  28:30  Planetary Fortress  
  199  28:34  Planetary Fortress  
Tags
 
Add a new tag
Caveats
  • Supply blocks, unpowered buildings, or Contaminate may cause inaccurate times.
  • Supply counts are checked every 10 seconds.